AoeStats
← Mr. Penis

Nomad

505410806Analyzed
4v4 RM · 23d ago on Sep 9, 2026· 52m 38s· 8 players
Game mode
Random Map
Map size
231×231
Population
200
Speed
Normal
Resources
Standard
Victory
Conquest
Starting age
Dark Age
Ending age
Imperial Age
RankedLock teamsTeams togetherTeam positionsShared explorationLock speedFull tech treeHidden civsTurbo modeCheats
Victory
Defeat
🇩🇪 Burgundians · Germany
1239
+16
🇷🇺 Jurchens · Russia
1195
+17
🇺🇸 Sicilians · United States
1135
+20
🇻🇳 Teutons · Vietnam
1133
+20
🇵🇹 Persians · Portugal
1266
-19
1236
-19
🇹🇼 Japanese · Taiwan
1208
-18
🇮🇳 Spanish · India
1186
-17
Massarock
7:03 Loom
13:34 Feudal Age
15:21 Double-Bit Axe
19:13 Castle Age
17:58 Forging
20:00 Medium Warships
22:46 Scale Barding Armor
22:57 Bloodlines
25:18 Fishing Lines
29:04 Husbandry
29:36 Horse Collar
30:08 Bow Saw
33:20 Wheelbarrow
32:48 Heavy Plow
34:26 Iron Casting
35:18 Chain Barding Armor
35:34 Town Watch
38:37 Hand Cart
38:43 Pikeman
42:49 Imperial Age
41:05 Fletching
42:23 Gold Mining
42:58 Cavalier
44:51 Blast Furnace
44:07 Cavalier
45:17 Light Cavalry
47:26 Chemistry
47:16 Plate Barding Armor
47:52 Kamandaran
47:51 Bodkin Arrow
51:14 Padded Archer Armor
50:37 Crossbowman
51:23 Thumb Ring
2ʙ♥ˡᵒᵛᵉᵧₒᵤ
3:31 Loom
14:14 Feudal Age
15:17 Horse Collar
19:39 Castle Age
19:00 Double-Bit Axe
19:30 Stone Mining
19:31 Gold Mining
20:33 Wheelbarrow
21:52 Heavy Plow
22:05 Bow Saw
24:18 Fletching
26:26 Pikeman
30:07 Hand Cart
30:18 Squires
34:10 Ballistics
35:54 Gold Shaft Mining
38:30 Imperial Age
36:27 Scale Mail Armor
36:37 Forging
37:04 Bodkin Arrow
38:58 Chain Mail Armor
39:18 Iron Casting
40:23 Conscription
41:53 Heavy Scorpion
42:23 Halberdier
43:22 Heavy Scorpion
46:59 Chain Mail Armor
47:19 Iron Casting
Madman
7:13 Loom
16:03 Feudal Age
21:09 Castle Age
19:19 Double-Bit Axe
19:15 Horse Collar
22:32 Town Watch
25:00 Heavy Plow
25:15 Bow Saw
28:33 Gold Mining
34:11 Imperial Age
32:03 Padded Archer Armor
33:12 Leather Archer Armor
35:12 Wheelbarrow
35:21 Conscription
35:32 Stone Mining
35:59 Fletching
39:15 Ring Archer Armor
38:41 Bodkin Arrow
38:28 Pikeman
40:03 Hand Cart
39:58 Halberdier
40:53 Forging
40:43 Scale Mail Armor
40:44 Bracer
41:13 Squires
40:59 Gambesons
45:38 Elite Conquistador
51:46 Coinage
Tree_Goldberg
5:26 Loom
14:08 Feudal Age
14:51 Double-Bit Axe
25:10 Castle Age
26:11 Medium Warships
27:48 Bow Saw
27:25 Horse Collar
31:57 Wheelbarrow
31:32 Fletching
31:58 Town Watch
32:24 Bodkin Arrow
32:34 Guard Tower
33:47 Stone Mining
35:56 Ballistics
35:34 Gold Mining
39:47 Imperial Age
37:02 Treadmill Crane
37:21 Murder Holes
37:37 Masonry
38:00 Scale Mail Armor
39:00 Chain Mail Armor
38:56 Forging
39:54 Hand Cart
41:10 Plate Mail Armor
42:18 Iron Casting
43:01 Bracer
45:13 Chemistry
49:26 Keep
[DSbZ]Querkraft
5:40 Loom
13:44 Feudal Age
13:23 Gold Mining
13:26 Double-Bit Axe
13:41 Fishing Lines
15:14 Bow Saw
15:57 Gold Shaft Mining
17:30 Horse Collar
19:06 Heavy Plow
27:24 Scale Mail Armor
30:27 Castle Age
31:18 Forging
31:14 Scale Barding Armor
31:12 Husbandry
33:27 Wheelbarrow
34:20 Iron Casting
33:51 Fletching
36:30 Cavalier
37:50 Hand Cart
40:06 Pikeman
43:48 Imperial Age
41:16 Fletching
41:52 Bodkin Arrow
45:11 Imperial Age
46:11 Chain Mail Armor
49:00 Imperial Age
46:48 Squires
50:33 Plate Mail Armor
49:41 Capped Ram
52:23 Blast Furnace
Mr. Penis
14:25 Feudal Age
16:03 Double-Bit Axe
16:01 Horse Collar
19:02 Castle Age
17:11 Loom
21:05 Gold Mining
22:47 Bow Saw
27:41 Town Watch
29:24 Wheelbarrow
30:03 Gold Shaft Mining
29:20 Stone Mining
29:38 Heavy Plow
30:35 Gold Shaft Mining
31:40 Squires
31:27 Arson
34:00 Hand Cart
33:45 Town Patrol
38:08 Imperial Age
36:50 Stone Shaft Mining
39:42 Crop Rotation
40:14 Two-Man Saw
41:25 Guilds
41:23 Scale Barding Armor
41:21 Scale Mail Armor
41:31 Forging
41:12 Fletching
42:20 Elite Fire Lancer
44:39 Chain Mail Armor
44:59 Iron Casting
Nyniva
6:09 Loom
15:25 Feudal Age
21:07 Castle Age
22:44 Horse Collar
29:23 Double-Bit Axe
31:34 Forging
31:25 Scale Mail Armor
32:07 Stone Mining
32:12 Gold Mining
33:40 Wheelbarrow
32:51 Town Watch
34:34 Iron Casting
34:15 Chain Mail Armor
33:54 Fletching
34:14 Murder Holes
37:48 Imperial Age
35:58 Hand Cart
38:08 Elite Serjeant
39:53 Blast Furnace
40:18 Plate Mail Armor
41:04 Conscription
41:05 Bodkin Arrow
43:04 Arrowslits
43:34 Arson
43:50 Squires
44:28 Ballistics
cutomuto
3:44 Loom
14:51 Feudal Age
17:57 Wheelbarrow
18:58 Double-Bit Axe
21:27 Castle Age
19:26 Horse Collar
20:07 Gold Mining
20:41 Stone Mining
20:42 Fletching
21:09 Bloodlines
21:35 Scale Barding Armor
22:19 Forging
23:46 Fishing Lines
25:41 Chain Barding Armor
26:54 Bodkin Arrow
27:51 Bow Saw
27:43 Heavy Plow
28:50 Scale Mail Armor
36:37 Imperial Age
35:02 Hand Cart
36:00 Iron Casting
37:19 Cavalier
39:00 Blast Furnace
38:36 Plate Barding Armor
38:52 Paladin
40:54 Conscription
41:11 Chain Mail Armor
42:39 Squires
43:31 Plate Mail Armor
43:38 Padded Archer Armor
44:02 Pikeman
44:32 Halberdier
46:05 Town Watch
49:23 Town Patrol
50:47 Crop Rotation
51:18 Two-Man Saw
Connection lost

Rejoining the realm…

Still unreachable

The connection could not be restored.

Session expired

The server has moved on; the page needs a fresh start.